 Seeded DCSS version 0.30.0-19-g36f170ea60 (webtiles) character file.

Game seed: 6351066067085065685 (custom seed)

2128 Esekla the Thaumaturge (level 9, -3/48 HPs)
             Began as a Deep Elf Necromancer on May 29, 2023.
             Was a Believer of Vehumet.
             Slain by Menkaure (23 damage)
             ... on level 7 of the Dungeon.
             The game lasted 00:37:39 (5831 turns).

Esekla the Thaumaturge (Deep Elf Necromancer)       Turns: 5831, Time: 00:37:40

Health: -3/48      AC:  4    Str:  5    XL:     9   Next: 8%
Magic:  24/24      EV: 15    Int: 25    God:    Vehumet [**....]
Gold:   358        SH:  0    Dex: 18    Spells: 21/27 levels left

rFire   . . .        s - +5 rapier of the Hero {heavy, rN+ Dex+3}
rCold   . . .        (no shield)
rNeg    + . .        A - +0 robe
rPois   .            v - +0 helmet
rElec   .            (no cloak)
rCorr   .            x - +0 pair of gloves
SInv    .            (no boots)
Will    .....        C - amulet of magic regeneration
Stlth   +++          (no ring)
HPRegen 0.28/turn    (no ring)
MPRegen 0.59/turn

%: no passive effects
@: no status effects
A: no striking features
a: Renounce Religion


You were on level 7 of the Dungeon.
You worshipped Vehumet.
Vehumet was pleased with you.
You visited 2 branches of the dungeon, and saw 8 of its levels.

You collected 358 gold pieces.

Inventory:

Hand Weapons
 a - a +2 vampiric dagger
 c - a +0 scimitar
 r - a +4 trident of venom
 s - the +5 rapier of the Hero (weapon) {heavy, rN+ Dex+3}
   (You found it on level 3 of the Dungeon)

   Dex:       It affects your dexterity (+3).
   rN:        It protects you from negative energy.
Missiles
 n - 19 poisoned darts (quivered)
 y - 5 throwing nets
Armour
 v - a +0 helmet (worn)
 x - a +0 pair of gloves (worn)
 A - a +0 robe (worn)
 F - a +0 buckler
Jewellery
 C - an amulet of magic regeneration (around neck)
Wands
 o - a wand of roots (21)
 E - a wand of flame (9)
Scrolls
 e - 3 scrolls of fear {unknown}
 f - a scroll of teleportation {unknown}
 l - 2 scrolls of fog
 p - 2 scrolls of blinking {unknown}
 q - a scroll of enchant armour {unknown}
 t - 3 scrolls of enchant weapon
 w - a scroll of amnesia
 z - a scroll of silence
 B - a scroll of magic mapping {unknown}
Potions
 b - a potion of magic
 d - 3 potions of ambrosia {unknown}
 h - 4 potions of attraction
 i - a potion of haste
 j - 6 potions of curing {unknown}
 k - 3 potions of brilliance
 u - a potion of mutation {unknown}
 D - a potion of lignification {unknown}


   Skills:
 + Level 2.2 Fighting
 + Level 3.5 Short Blades
 + Level 1.2 Throwing
 * Level 6.0 Dodging
 + Level 5.1 Stealth
 * Level 9.6 Spellcasting
 + Level 7.5 Necromancy
 + Level 3.1 Translocations
 + Level 0.3 Evocations


You had 21 spell levels left.
You knew the following spells:

 Your Spells              Type           Power      Damage    Failure   Level
d - Vampiric Draining     Necr           49%        2d9       1%          3
t - Teleport Other        Tloc           27%        N/A       4%          3

Your spell library contained the following spells:

 Spells                   Type           Power      Damage    Failure   Level
 Inner Flame              Hex/Fire       12%        N/A       16%         3
 Necrotise                Necr           100%       1d9       1%          1
 Lesser Beckoning         Tloc           54%        N/A       1%          2
 Animate Dead             Necr           49%        N/A       2%          4
 Gell's Gravitas          Tloc           27%        N/A       4%          3
 Agony                    Necr           49%        N/A       6%          5
 Spider Form              Tmut/Pois      12%        N/A       16%         3
 Cause Fear               Hex            6%         N/A       45%         4
 Summon Mana Viper        Hex/Summ       12%        N/A       80%         5


Dungeon Overview and Level Annotations

Branches:
Dungeon (7/15)             Temple (1/1) D:6

Altars:
Cheibriados
Dithmenos
Fedhas
Hepliaklqana
Okawaru
Qazlal
Trog
Vehumet
Xom
Zin
The Shining One

Shops:
D:2 =   D:4 (

Annotations:
D:7 Menkaure


Message History

You see here 6 stones.
Found a scroll labelled EGUZUT XAHEGAJ.
Menkaure, Prince of Dust comes into view.
Found a scroll labelled OVUGHE LOEQ.
Menkaure shouts!
Casting: Vampiric Draining (safe; 1% risk of failure)
Confirm with . or Enter, or press ? or * to list all spells.
Aiming: Teleport Other (dangerous; 4% risk of failure)
Press: ? - help, Shift-Dir - straight line, f - Menkaure
Aim: Menkaure (chance to affect: 66%) Menkaure looks slightly unstable.
Menkaure disappears!
You feel the dreadful sensation subside.
You feel agile.
s - the +5 rapier of the Hero (weapon)
{heavy, rN+ Dex+3} Menkaure rustles a few words.
Menkaure casts a spell.
Menkaure seems to speed up.
You hit Menkaure.
Menkaure is lightly damaged.
Menkaure barely misses you.
You barely miss Menkaure.
Menkaure is lightly damaged.
Menkaure hits you! x2
You puncture Menkaure!
Menkaure is heavily damaged.
Menkaure calls on the powers of darkness!
Your body is wracked with pain!
Menkaure completely misses you.
You feel much better. Menkaure closely misses you.
You barely miss Menkaure.
Menkaure is heavily damaged.
Menkaure barely misses you. Menkaure misses you.
You puncture Menkaure!
Menkaure is severely damaged.
Menkaure calls on the powers of darkness!
Your body is wracked with pain!
Menkaure hits you.
You completely miss Menkaure.
Menkaure is severely damaged.
Menkaure barely misses you. Menkaure hits you!!
You die...

#.# . #.## ####.
#..### #....
##...####.#.##
###...##.#..
###.##.#.########
#.##.#........#
#....(........#
####>..M@.....#
####.......#
#.......#
#........#
#.......?#
#....?...#
#........#
#....?...#
#.########


You could see Menkaure (fast).

Vanquished Creatures
  Pikel (Temple)
  An ice beast (D:6)
  A sky beast (D:6)
  2 black bears
  2 ogres
  A centaur (D:7)
  Blork the orc (D:6)
  A kobold brigand (D:6)
  A gnoll sergeant (D:6)
  2 scorpions (D:5)
  A gnoll bouda (D:3)
  5 hounds
  A jelly (D:6)
  A sleepcap (D:5)
  5 iguanas
  15 gnolls
  9 adders
  4 white imps
  An ufetubus (D:5)
  A worm (D:4)
  2 dart slugs
  11 orcs
  6 ball pythons
  4 bats
  4 endoplasms
  8 goblins
  5 hobgoblins
  A quokka (D:1)
  4 frilled lizards
  12 kobolds
  A rat (D:2)
114 creatures vanquished.

Notes
Turn   | Place    | Note
-------+----------+-------------------------------------------
     0 | D:1      | Esekla the Deep Elf Necromancer began the quest for the
                  | Orb.
     0 | D:1      | Reached XP level 1. HP: 10/10 MP: 6/6
    78 | D:1      | Reached skill level 5 in Necromancy
   259 | D:1      | Reached XP level 2. HP: 13/15 MP: 8/8
   472 | D:4      | Found a radiant altar of Vehumet.
   476 | D:4      | Became a worshipper of Vehumet
   728 | D:1      | Reached XP level 3. HP: 16/19 MP: 9/9
   732 | D:1      | Learned a level 3 spell: Vampiric Draining
   785 | D:2      | Noticed a black bear
   909 | D:2      | Reached skill level 1 in Short Blades
   962 | D:2      | Reached XP level 4. HP: 19/24 MP: 6/11
  1031 | D:2      | Found a faded altar of an unknown god.
  1113 | D:2      | Found Renulab's Jewellery Shop.
  1396 | D:3      | Found a stormy altar of Qazlal.
  1398 | D:3      | Found a bloodstained altar of Trog.
  1432 | D:3      | Reached XP level 5. HP: 18/28 MP: 3/12
  1569 | D:3      | Reached * piety under Vehumet
  1569 | D:3      | Offered knowledge of Sandblast by Vehumet.
  1686 | D:3      | Identified the +5 rapier of the Hero {heavy, rN+ Dex+3}
  1832 | D:3      | Reached skill level 4 in Spellcasting
  2020 | D:3      | Found a hazy altar of Hepliaklqana.
  2152 | D:4      | Found Ponaysk's Antique Weapon Boutique.
  2235 | D:4      | Found a glowing silver altar of Zin.
  2248 | D:4      | Found an iron altar of Okawaru.
  2373 | D:4      | Learned a level 3 spell: Teleport Other
  2408 | D:4      | Reached skill level 1 in Translocations
  2672 | D:2      | Killed a black bear
  2673 | D:2      | Reached XP level 6. HP: 33/33 MP: 10/15
  2846 | D:4      | Reached skill level 5 in Spellcasting
  2965 | D:4      | Found a glowing golden altar of the Shining One.
  3296 | D:5      | Entered Level 5 of the Dungeon
  3304 | D:5      | Got the Parchment of the Lumpy Olives
  3391 | D:5      | Found a shadowy altar of Dithmenos.
  3504 | D:5      | Reached XP level 7. HP: 37/37 MP: 15/17
  3796 | D:5      | Offered knowledge of Momentum Strike by Vehumet.
  3797 | D:5      | Reached skill level 6 in Spellcasting
  3809 | D:5      | Reached ** piety under Vehumet
  3810 | D:5      | Reached skill level 1 in Fighting
  4443 | D:6      | Found a blossoming altar of Fedhas.
  4513 | D:6      | Reached skill level 7 in Spellcasting
  4538 | D:6      | Reached skill level 5 in Dodging
  4538 | D:6      | Reached XP level 8. HP: 42/43 MP: 15/20
  4624 | D:6      | Found a staircase to the Ecumenical Temple.
  4636 | D:6      | Reached skill level 1 in Throwing
  4780 | Temple   | Entered the Ecumenical Temple
  4783 | D:6      | Noticed Pikel
  4798 | Temple   | Killed Pikel
  4799 | Temple   | Reached skill level 5 in Stealth
  4799 | Temple   | Reached skill level 8 in Spellcasting
  5084 | D:6      | Reached skill level 9 in Spellcasting
  5319 | D:6      | Noticed Blork the orc
  5414 | D:6      | Killed Blork the orc
  5473 | D:6      | Offered knowledge of Inner Flame by Vehumet.
  5691 | D:7      | Reached XP level 9. HP: 44/48 MP: 19/24
  5814 | D:7      | Noticed Menkaure
  5831 | D:7      | Slain by Menkaure

Illustrated notes

Levels and vault maps discovered:
D:1:      sevenhm_arrival_forest_fort_small_3, layout_rooms,
          chequers_serial_rivers_room_b, minmay_misc_feat_five
D:2:      layout_loops_ring, dreamdust_ecumenical_altar_angels_and_demons,
          serial_shops, shop
D:3:      layout_basic, grunt_temple_overflow_open, minmay_misc_feat_iff
D:4:      layout_basic, nicolae_overflow_quartered_altars, serial_shops,
          nicolae_diamond_shop
D:5:      layout_loops_ring, lemuel_doored_altar, minmay_misc_feat_rows,
          dreamdust_wishing_well
D:6:      layout_loops_cross, fedhas_altar_fruit_tree,
          minmay_temple_entry_glass, uniq_pikel, uniq_blork_the_orc
D:7:      layout_basic, uniq_menkaure, uniq_joseph, uniq_crazy_yiuf_cottage
Temple:   compressed_dpeg_circular_temple

Skill      XL: |  1  2  3  4  5  6  7  8 |
---------------+-------------------------+-----
Necromancy     | 5 6 7 |  7.5
Dodging        | 3 4 5 6 |  6.0
Short Blades   | 1 2 3 |  3.5
Stealth        | 3 4 5 |  5.1
Spellcasting   | 4 5 7 9 |  9.6
Translocations | 1 2 3 |  3.1
Fighting       | 1 2 |  2.2
Throwing       | 1 |  1.2
Evocations     | |  0.3

Action                     |  1- 3 |  4- 6 |  7- 9 || total
---------------------------+-------+-------+-------++-------
  Melee: Short sword       |    14 |       |       ||    14
         Unarmed           |    12 |       |       ||    12
         Dagger            |    67 |    65 |   123 ||   255
         Punch             |     1 |     2 |     3 ||     6
         Rapier            |       |    32 |     6 ||    38
  Throw: Dart              |       |    15 |    22 ||    37
   Cast: Vampiric Draining |     4 |    21 |    38 ||    63
         Teleport Other    |       |       |     4 ||     4
  Evoke: Wand              |       |       |     6 ||     6
    Use: Scroll            |       |       |     9 ||     9
         Potion            |       |       |     1 ||     1
   Stab: Sleeping          |     2 |     8 |    14 ||    24
         Distracted        |     1 |       |       ||     1
 Armour: Robe              |    19 |    12 |    21 ||    52
  Dodge: Dodged            |    58 |    67 |    97 ||   222
